AoeStats
← BigOleGiraffe

Arena

509610699Analyzed
1v1 RM · 6d ago on Sep 27, 2026· 54m 43s· 2 players
Game mode
Random Map
Map size
Tiny (2 player)
Population
200
Speed
Normal
Resources
Standard
Victory
Conquest
Starting age
Dark Age
Ending age
Imperial Age
RankedLock teamsTeams togetherTeam positionsShared explorationLock speedFull tech treeHidden civsTurbo modeCheats
Victory
Defeat
🇨🇦 Khmer · Canada
1107
+18
🇨🇳 Teutons · China
1144
-18
巨浪大切
2:39 Loom
9:19 Feudal Age
9:56 Town Watch
11:46 Fletching
13:34 Double-Bit Axe
22:16 Castle Age
20:07 Horse Collar
22:17 Gold Mining
23:15 Bodkin Arrow
29:07 Imperial Age
32:05 Chemistry
31:27 Forging
31:23 Scale Barding Armor
33:17 Wheelbarrow
34:16 Conscription
35:35 Scale Mail Armor
36:10 Iron Casting
36:44 Bow Saw
36:39 Heavy Plow
38:07 Chain Mail Armor
37:24 Pikeman
37:51 Gambesons
41:24 Fortified Wall
41:46 Crenellations
41:57 Hand Cart
42:08 Bow Saw
43:09 Blast Furnace
42:40 Plate Mail Armor
42:32 Chain Barding Armor
42:13 Padded Archer Armor
42:40 Ballistics
42:50 Masonry
43:48 Hoardings
43:33 Town Patrol
43:51 Siege Engineers
43:15 Halberdier
43:55 Squires
43:41 Arson
44:21 Onager
45:44 Siege Onager
48:21 Leather Archer Armor
48:41 Plate Barding Armor
48:13 Arrowslits
48:49 Bombard Tower
52:16 Ring Archer Armor
54:21 Bloodlines
BigOleGiraffe
10:35 Feudal Age
13:38 Castle Age
13:04 Double-Bit Axe
20:44 Horse Collar
24:26 Redemption
27:06 Bow Saw
31:01 Stone Mining
31:02 Gold Mining
31:22 Heavy Plow
32:41 Gold Shaft Mining
33:24 Wheelbarrow
32:34 Loom
32:35 Town Watch
34:46 Stone Shaft Mining
34:25 Bloodlines
34:16 Husbandry
35:10 Hand Cart
35:08 Scale Barding Armor
35:14 Forging
36:01 Forging
36:20 Ballistics
36:38 Chain Barding Armor
39:25 Imperial Age
38:17 Fortified Wall
38:03 Murder Holes
38:18 Masonry
38:47 Iron Casting
38:03 Fletching
38:53 Bodkin Arrow
39:16 Devotion
39:37 Sanctity
39:58 Town Patrol
40:48 Plate Barding Armor
41:13 Blast Furnace
41:15 Chemistry
40:36 Bracer
39:58 Heavy Scorpion
40:46 Capped Ram
41:33 Siege Engineers
41:30 Double Crossbow
41:56 Conscription
42:30 Siege Ram
42:38 Elite Ballista Elephant
43:44 Elite Battle Elephant
46:30 Elite Ballista Elephant
47:52 Light Cavalry
50:55 Hussar
51:56 Tusk Swords
52:33 Hoardings
Connection lost

Rejoining the realm…

Still unreachable

The connection could not be restored.

Session expired

The server has moved on; the page needs a fresh start.